 Dungeon Crawl Stone Soup version 0.30.1-4-g462c640d31 (webtiles) character file.

Game seed: 4030882496036903017

111 booth the Conjurer (level 4, -1/34 HPs)
             Began as a Demonspawn Reaver on Aug 25, 2023.
             Slain by Crazy Yiuf
             ... wielding a +3 quarterstaff of chaos
              (8 damage)
             ... on level 2 of the Dungeon.
             The game lasted 00:10:49 (1815 turns).

booth the Conjurer (Demonspawn Reaver)              Turns: 1815, Time: 00:10:50

Health: -1/34      AC:  4    Str: 14    XL:     4   Next: 62%
Magic:  8/8        EV: 12    Int: 15    God:
Gold:   176        SH:  0    Dex: 11    Spells: 7/8 levels left

rFire   . . .        a - +0 hand axe
rCold   . . .        (no shield)
rNeg    . . .        b - +0 leather armour
rPois   .            (no helmet)
rElec   .            (no cloak)
rCorr   .            h - +0 pair of gloves
SInv    .            (no boots)
Will    .....        (no amulet)
Stlth   +            (no ring)
HPRegen 0.25/turn    (no ring)
MPRegen 0.11/turn

%: no passive effects
@: no status effects
A: powered by death 1
a: no special abilities


You were on level 2 of the Dungeon.
You visited 1 branch of the dungeon, and saw 2 of its levels.

You collected 176 gold pieces.

Inventory:

Hand Weapons
 a - a +0 hand axe (weapon)
Armour
 b - a +0 leather armour (worn)
 g - a +0 ring mail
 h - a +0 pair of gloves (worn)
 j - a +0 buckler
Scrolls
 d - a scroll of summoning {unknown}
 i - a scroll of identify {unknown}
Potions
 c - a potion of flight {unknown}
 e - a potion of mutation {unknown}
 f - a potion of curing {unknown}
 k - a potion of degeneration {unknown}


   Skills:
 + Level 2.7 Fighting
 + Level 3.2 Axes
 + Level 2.5 Dodging
 + Level 2.6 Spellcasting
 + Level 3.5 Conjurations


You had 7 spell levels left.
You knew the following spells:

 Your Spells              Type           Power      Damage    Failure   Level
a - Kiss of Death         Conj/Necr      28%        2d7       13%         1

Your spell library contained the following spells:

 Spells                   Type           Power      Damage    Failure   Level
 Momentum Strike          Conj/Tloc      14%        3d8       19%         2
 Freeze                   Ice            8%         1d3       26%         1
 Hailstorm                Conj/Ice       7%         3d4       36%         3
 Frozen Ramparts          Ice            4%         1d1       61%         3


Dungeon Overview and Level Annotations

Branches:
Dungeon (2/15)

Altars:

Shops:
D:2 !

Annotations:
D:2 Crazy Yiuf


Innate Abilities, Weirdness & Mutations

You regenerate a little health from kills.


Message History

The quokka bites you but does no damage.
The quokka closely misses you.
You barely miss the quokka.
The quokka is heavily wounded.
The quokka closely misses you.
You miss the quokka.
The quokka is heavily wounded.
The quokka barely misses you.
You barely miss the quokka.
The quokka is heavily wounded.
The quokka bites you. The quokka barely misses you.
You hit the quokka but do no damage.
The quokka is heavily wounded.
The quokka bites you.
You slash the quokka!
You kill the quokka!
Found a hammer.
Found a runed translucent door.
Crazy Yiuf shouts!
Crazy Yiuf says, "You!"
You see here a +0 dagger.
You see here a +0 dagger.
You open the door. You hit Crazy Yiuf but do no damage. Crazy Yiuf misses you.
Crazy Yiuf closely misses you.
You hit Crazy Yiuf.
Crazy Yiuf is lightly wounded.
Crazy Yiuf hits you with a +3 quarterstaff of chaos!
You hit Crazy Yiuf.
Crazy Yiuf is moderately wounded.
Crazy Yiuf barely misses you.
You slash Crazy Yiuf!
Crazy Yiuf is severely wounded.
Crazy Yiuf closely misses you.
You barely miss Crazy Yiuf.
Crazy Yiuf is severely wounded.
Crazy Yiuf hits you with a +3 quarterstaff of chaos!
Ouch! That really hurt!
* * * LOW HITPOINT WARNING * * *
You are electrocuted!
You die...

.###..########
#####......)....
## ##........#
##...[.##.##...##
############.#
#..######.##.###
........# ### ####
#.....# #########
##.#### ###♣♣♣♣♣
#..# ##.#..♣.♣♣♣
### #.##
##...P..♣..♣#...#
#.#
#......♣♣♣♣@g...#
#.# #####...#P♣♣
♣♣#..)# #.#
##......##♣♣ ###
### ...##.###
.###..# ...#.##
#####
.....#########...#
####...#.........#
.................#


You could see Crazy Yiuf.

Vanquished Creatures
  Terence (D:2)
  3 adders (D:2)
  3 worms (D:2)
  A dart slug (D:2)
  4 endoplasms
  3 giant cockroaches
  2 goblins (D:1)
  2 hobgoblins
  2 jackals (D:1)
  10 kobolds
  2 quokkas (D:2)
  5 ball pythons
  2 bats (D:1)
  A frilled lizard (D:2)
  6 rats
47 creatures vanquished.

Notes
Turn   | Place    | Note
-------+----------+-------------------------------------------
     0 | D:1      | booth the Demonspawn Reaver began the quest for the Orb.
     0 | D:1      | Reached XP level 1. HP: 16/16 MP: 3/3
   151 | D:1      | Gained mutation: You regenerate a little health from kills.
                  | [demonic ancestry]
   151 | D:1      | Reached XP level 2. HP: 21/22 MP: 5/5
   579 | D:1      | Found a faded altar of an unknown god.
   796 | D:1      | Reached XP level 3. HP: 28/28 MP: 6/6
  1058 | D:2      | Noticed Terence
  1071 | D:2      | Killed Terence
  1072 | D:2      | Reached XP level 4. HP: 12/34 MP: 3/7
  1487 | D:2      | Found Ohoahoto's Distillery.
  1716 | D:2      | Found a runed translucent door.
  1717 | D:2      | Noticed Crazy Yiuf
  1815 | D:2      | Slain by Crazy Yiuf

Illustrated notes

Levels and vault maps discovered:
D:1:      heliophobic_arrival_enchanted_forest, layout_loops_ring,
          ebering_ecumenical_altar_rust, serial_forest,
          infiniplex_forest_lined_3, infiniplex_forest_corner_1,
          infiniplex_forest_straight_3, infiniplex_forest_corner_2,
          infiniplex_forest_end_3, infiniplex_forest_end_2,
          infiniplex_forest_join, infiniplex_forest_fountain,
          infiniplex_forest_corner_1
D:2:      layout_rooms, serial_shops, shop, uniq_terence,
          uniq_crazy_yiuf_cottage

Skill      XL: |  1  2  3 |
---------------+----------+-----
Dodging        | 2 |  2.5
Axes           | 3 |  3.2
Fighting       | |  2.7
Spellcasting   | |  2.6
Conjurations   | |  3.5

Action                     |  1- 3 |  4- 6 || total
---------------------------+-------+-------++-------
  Melee: Hand axe          |   122 |    64 ||   186
         Punch             |     1 |       ||     1
   Cast: Kiss of Death     |     1 |       ||     1
    Use: Potion            |     3 |       ||     3
 Armour: Leather armour    |    46 |    14 ||    60
  Dodge: Dodged            |    83 |    27 ||   110
